AoeStats
← NuMa | Gacha

Nomad

506882161Analyzed
2v2 RM · 18d ago on Sep 15, 2026· 31m 48s· 4 players
Game mode
Random Map
Map size
176×176
Population
200
Speed
Normal
Resources
Standard
Victory
Conquest
Starting age
Dark Age
Ending age
Imperial Age
RankedLock teamsTeams togetherTeam positionsShared explorationLock speedFull tech treeHidden civsTurbo modeCheats
Victory
Defeat
🇨🇴 Italians · Colombia
1085
+15
🇦🇷 Koreans · Argentina
1012
+19
🇮🇳 Magyars · India
1098
-18
🇴🇲 Mongols · Oman
1035
-16
P A T S H A
5:33 Loom
14:51 Feudal Age
21:50 Castle Age
24:04 Bloodlines
23:55 Husbandry
27:32 Double-Bit Axe
The_Fizz
5:10 Loom
13:55 Feudal Age
15:28 Double-Bit Axe
20:24 Fletching
22:39 Padded Archer Armor
23:55 Horse Collar
28:23 Castle Age
31:08 Ballistics
NuMa | Gacha
3:39 Loom
13:12 Feudal Age
17:32 Castle Age
16:00 Stone Mining
16:13 Double-Bit Axe
17:17 Gold Mining
19:41 Fletching
21:05 Bow Saw
25:15 Stone Shaft Mining
25:53 Bodkin Arrow
27:09 Padded Archer Armor
31:51 Bloodlines
Cartucho
8:10 Loom
13:51 Feudal Age
15:27 Town Watch
18:02 Castle Age
17:02 Double-Bit Axe
17:00 Horse Collar
17:33 Stone Mining
19:52 Squires
19:54 Scale Mail Armor
20:04 Forging
26:37 Arson
26:40 Pikeman
29:57 Wheelbarrow
29:40 Fletching
30:50 Bodkin Arrow
Connection lost

Rejoining the realm…

Still unreachable

The connection could not be restored.

Session expired

The server has moved on; the page needs a fresh start.